 Dungeon Crawl Stone Soup version 0.30.0-29-ga12c61a403 (webtiles) character file.

Game seed: 8374417560108366521

5749 bmack86 the Severer (level 10, -8/78 HPs)
             Began as a Minotaur Fighter on June 17, 2023.
             Was an Initiate of Gozag.
             Mangled by a shadow (16 damage)
             ... on level 9 of the Dungeon.
             The game lasted 00:21:57 (7577 turns).

bmack86 the Severer (Minotaur Fighter)              Turns: 7577, Time: 00:21:58

Health: -8/78      AC: 15    Str: 31    XL:     10   Next: 49%
Magic:  9/9        EV:  7    Int:  5    God:    Gozag
Gold:   638        SH:  4    Dex: 10    Spells: 9/9 levels left

rFire   . . .        w - +3 broad axe (venom)
rCold   . . .        c - +0 buckler
rNeg    . . .        g - +0 plate armour
rPois   .            (helmet restricted)
rElec   .            D - +0 cloak
rCorr   .            F - +0 pair of gloves
SInv    .            C - +0 pair of boots
Will    .....        (no amulet) Stlth
                     y - +6 ring of strength
HPRegen 0.33/turn    m - +4 ring of protection
MPRegen 0.11/turn

%: no passive effects
@: mighty, brilliant, corroded, gold aura, hasted, very quick
A: horns 2, retaliatory headbutt
a: Renounce Religion, Potion Petition, Call Merchant, Bribe Branch


You were on level 9 of the Dungeon.
You worshipped Gozag.
Gozag was pleased with you.
You visited 2 branches of the dungeon, and saw 10 of its levels.
You also visited: Sewer.

You collected 1263 gold pieces.
You spent 231 gold pieces at shops.
You paid 394 gold pieces to Gozag.

Inventory:

Hand Weapons
 a - a +0 war axe
 w - a +3 broad axe of venom (weapon)
Missiles
 i - 5 boomerangs (quivered)
 p - 4 silver javelins
Armour
 b - a +0 scale mail
 c - a +0 buckler (worn)
 g - a +0 plate armour (worn)
 C - a +0 pair of boots (worn)
 D - a +0 cloak (worn)
 F - a +0 pair of gloves (worn)
Jewellery
 f - a +5 ring of evasion
 k - a ring of ice
 m - a +4 ring of protection (right hand)
 o - a +6 ring of dexterity
 y - a +6 ring of strength (left hand)
 E - a ring of ice
Wands
 G - a wand of roots (6)
Scrolls
 e - a scroll of blinking
 h - 2 scrolls of enchant armour
 l - a scroll of torment
 n - 6 scrolls of teleportation
 s - 2 scrolls of magic mapping
 A - a scroll of fog
 H - a scroll of identify
Potions
 d - 2 potions of flight {unknown}
 j - 5 potions of curing
 q - a potion of berserk rage
 t - a potion of heal wounds {unknown}
 u - 2 potions of magic {unknown}
 v - a potion of mutation {unknown}
 x - 2 potions of cancellation {unknown}
 z - 2 potions of attraction {unknown}
 B - a potion of brilliance {unknown}


   Skills:
 * Level 4.1 Fighting
 - Level 18.1 Axes
 + Level 3.9 Armour
 + Level 3.9 Shields


You had 9 spell levels left.
You didn't know any spells.
Your spell library contained the following spells:

 Spells                   Type           Power      Damage    Failure   Level
 Magic Dart               Conj           0%         1d3       99%         1
 Blink                    Tloc           0%         N/A       100%        2
 Cigotuvi's Dreadful Rot  Necr/Pois/Air  0%         N/A       100%        2
 Ensorcelled Hibernation  Hex/Ice        0%         N/A       100%        2
 Lesser Beckoning         Tloc           0%         N/A       100%        2
 Momentum Strike          Conj/Tloc      0%         3d8       100%        2
 Passwall                 Tmut/Erth      0%         N/A       100%        2
 Searing Ray              Conj           0%         2d4       100%        2
 Sublimation of Blood     Necr           0%         N/A       100%        2
 Ignite Poison            Fire/Tmut/Pois 0%         N/A       100%        3
 Inner Flame              Hex/Fire       0%         N/A       100%        3
 Swiftness                Air            0%         N/A       100%        3
 Flame Wave               Conj/Fire      0%         2d4       100%        4
 Fulminant Prism          Conj/Hex       0%         3d5       100%        4
 Petrify                  Tmut/Erth      0%         N/A       100%        4
 Sticky Flame             Conj/Fire      0%         2d3       100%        4
 Freezing Cloud           Conj/Ice/Air   0%         6-21      100%        5
 Irradiate                Conj/Tmut      0%         3d11      100%        5


Dungeon Overview and Level Annotations

Branches:
Dungeon (9/15)             Temple (1/1) D:4            Lair (0/5) D:9
  Sewer (visited)
    Orc: D:9-12

Altars:
Ashenzari
Cheibriados
Dithmenos
Elyvilon
Fedhas
Gozag
Hepliaklqana
Kikubaaqudgha
Makhleb
Nemelex Xobeh
Okawaru
Qazlal
Trog
Uskayaw
Wu Jian
Yredelemnul
Zin
Lugonu

Shops:
D:1 ?   D:4 (

Annotations:
D:9 1 transporter


Innate Abilities, Weirdness & Mutations

You have a pair of horns on your head.
You reflexively headbutt those who attack you in melee.


Message History

You barely miss the orc priest.
The orc wizard shouts!
The gnoll shouts! x2
You headbutt the orc priest!
The orc priest is severely wounded.
The bullfrog is distracted by your dazzling golden aura.
You slash the orc priest!
You kill the orc priest!
You miss the hornet.
The orc wizard is no longer distracted by gold.
The bullfrog is no longer distracted by gold.
The bullfrog is distracted by your dazzling golden aura.
You hear some strange, mumbled words.
Something tries to affect you, but you resist.
The kobold brigand is distracted by your dazzling golden aura.
The orc wizard mumbles some strange words.
The orc wizard flickers and vanishes!
The hornet is distracted by your dazzling golden aura.
The bullfrog gives a loud, deep croak!
The kobold brigand shouts!
The hornet buzzes angrily.
You slice the hornet!!
The hornet is poisoned.
The hornet is no longer distracted by gold.
The hornet is severely wounded.
You slice the hornet!!
You kill the hornet!
The gnoll is no longer distracted by gold.
The gnoll hits you from afar with a +0 spear.
* * * LOW HITPOINT WARNING * * *
Your Fighting skill increases to level 4!
You hit something. Your headbutt misses something. You barely miss something.
You slash something!
Reactivating autopickup.
You feel a bit more experienced.
You closely miss something. You slice something!! Something hits you.
* * * LOW HITPOINT WARNING * * *
Deactivating autopickup; reactivate with Ctrl-A.
The gnoll hits you but does no damage.
The gnoll is no longer distracted by gold.
The shadow strikes at you from the darkness!
You die...
Your body crumbles into a pile of gold.

###.##......##.##.# #
##.$.#........#.##.####
#..$$#........#.##....#
..#..$$#........#######.#
.......$..?......# #.#
.........:......# ###
.......?.......## ▓▓▓▓▓▓
=.....g.$g..##### ▓⌠...s
.......F{@......# ▓.....
.....K..$$$.....# ▓.....
........$.......# ▓.....
.............#... ▓⌠.©.⌠
..........###### ▓▓▓▓▓▓
.?......... ............
.............
.#....#.......


You could see a kobold brigand, a bullfrog and 2 gnolls.

Vanquished Creatures
  2 two-headed ogres
  A hornet (D:9)
  Sigmund (D:3)
  A wyvern (D:9)
  2 acid dragons (D:9)
  2 water moccasins
  Pargi (Sewer)
  3 orc warriors
  2 sky beasts
  2 ice beasts
  2 black bears (D:4)
  5 centaurs
  3 kobold brigands
  4 bullfrogs
  2 gnoll sergeants
  4 wights (D:8)
  10 killer bees
  5 howler monkeys
  2 gnoll boudas
  A hound (D:6)
  A jelly (D:6)
  3 orc priests
  4 iguanas
  6 orc wizards
  13 adders
  16 gnolls
  2 river rats (D:4)
  A white imp (D:8)
  8 worms
  4 dart slugs
  25 orcs
  A bat zombie (D:3)
  6 endoplasms
  4 giant cockroaches
  10 goblins
  11 hobgoblins
  4 jackals (D:3)
  15 kobolds
  7 quokkas
  7 ball pythons
  15 bats
  3 frilled lizards
  8 rats
  3 rat zombies (D:3)
232 creatures vanquished.

Vanquished Creatures (others)
  A kobold (D:2)
1 creature vanquished.

Grand Total: 233 creatures vanquished

Notes
Turn   | Place    | Note
-------+----------+-------------------------------------------
     0 | D:1      | bmack86 the Minotaur Fighter began the quest for the Orb.
     0 | D:1      | Reached XP level 1. HP: 19/19 MP: 0/0
   145 | D:1      | Reached skill level 3 in Axes
   218 | D:1      | Reached XP level 2. HP: 25/26 MP: 1/1
   434 | D:1      | Reached skill level 4 in Axes
   555 | D:1      | Found Padoqam's Magic Scroll Emporium.
  1115 | D:2      | Reached XP level 3. HP: 31/31 MP: 2/2
  1346 | D:2      | Reached skill level 5 in Axes
  1614 | D:3      | Reached XP level 4. HP: 32/39 MP: 3/3
  1619 | D:3      | Noticed a centaur
  1633 | D:3      | Killed a centaur
  1634 | D:3      | Reached skill level 6 in Axes
  1634 | D:3      | Reached XP level 5. HP: 6/45 MP: 4/4
  1949 | D:3      | Found a broken altar of Ashenzari.
  2064 | D:3      | Noticed Sigmund
  2070 | D:3      | Killed Sigmund
  2071 | D:3      | Reached skill level 8 in Axes
  2071 | D:3      | Reached XP level 6. HP: 45/51 MP: 5/5
  2385 | D:3      | Found an ancient bone altar of Kikubaaqudgha.
  2571 | D:4      | Found a staircase to the Ecumenical Temple.
  2583 | Temple   | Entered the Ecumenical Temple
  2601 | Temple   | Became a worshipper of Gozag Ym Sagoz the Greedy
  2686 | D:4      | Reached skill level 9 in Axes
  2757 | D:4      | Found a glowing drain.
  2763 | Sewer    | Entered a sewer
  2803 | Sewer    | Noticed Pargi
  2814 | Sewer    | Killed Pargi
  2815 | Sewer    | Reached XP level 7. HP: 57/57 MP: 6/6
  3014 | D:4      | Found a snail-covered altar of Cheibriados.
  3033 | D:4      | Reached skill level 10 in Axes
  3033 | D:4      | Found a shadowy altar of Dithmenos.
  3099 | D:4      | Found a faded altar of an unknown god.
  3100 | D:4      | Found a hazy altar of Hepliaklqana.
  3475 | D:4      | Found a bloodstained altar of Trog.
  3530 | D:4      | Found a basalt altar of Yredelemnul.
  3550 | D:4      | Found Riofoh's Antique Weapon Shoppe.
  3558 | D:4      | Bought a glowing broad axe for 231 gold pieces
  3752 | D:5      | Entered Level 5 of the Dungeon
  3901 | D:5      | Reached skill level 11 in Axes
  4174 | D:5      | Reached XP level 8. HP: 46/57 MP: 7/7
  4589 | D:6      | Found a white marble altar of Elyvilon.
  4594 | D:6      | Reached skill level 12 in Axes
  5143 | D:6      | Noticed a two-headed ogre
  5149 | D:6      | Killed a two-headed ogre
  5150 | D:6      | Reached skill level 14 in Axes
  5150 | D:6      | Reached XP level 9. HP: 50/70 MP: 8/8
  5605 | D:7      | Found a blossoming altar of Fedhas.
  5942 | D:7      | Reached skill level 15 in Axes
  6668 | D:8      | Reached skill level 16 in Axes
  6759 | D:8      | Found a glowing silver altar of Zin.
  7361 | D:9      | Found a staircase to the Lair.
  7473 | D:9      | Found a sparkling altar of Nemelex Xobeh.
  7473 | D:9      | Found a transporter.
  7473 | D:9      | Noticed a wolf spider
  7474 | D:9      | Noticed a green ugly thing
  7536 | D:9      | Noticed a two-headed ogre
  7542 | D:9      | Killed a two-headed ogre
  7543 | D:9      | Reached skill level 17 in Axes
  7543 | D:9      | Reached XP level 10. HP: 73/77 MP: 9/9
  7570 | D:9      | Reached skill level 18 in Axes
  7577 | D:9      | Mangled by a shadow

Illustrated notes

Levels and vault maps discovered:
D:1:      mrwooster_arrival_statue, layout_loops_ring, serial_shops,
          nicolae_shop_real_fake_doors, serial_forest,
          infiniplex_forest_corner_1, infiniplex_forest_lined_room_,
          infiniplex_forest_fountain, infiniplex_forest_clump_tiny,
          infiniplex_forest_lined_corner, infiniplex_forest_lined_corner,
          infiniplex_forest_end_double, infiniplex_forest_lined_2,
          infiniplex_forest_straight_2, chequers_big_river
D:2:      layout_rooms
D:3:      layout_loops_ring, mainiacjoe_overflow_concentric_impassable,
          lemuel_zombie_altar_kikubaaqudgha, minmay_guardbox, uniq_sigmund
D:4:      layout_basic, trog_three_pillars_becter, mainiacjoe_overflow_catwalk,
          mainiacjoe_overflow_boulevard, nicolae_dithmenos_the_darkroom,
          beargit_hepliaklqana_dungeon_heroes, minmay_temple_entry_ruins,
          serial_shops, nicolae_shop_getting_attention,
          lightli_sewer_entry_pipes, minmay_misc_feat_iff, minmay_misc_feat_chi
D:5:      layout_gridville
D:6:      layout_loops_corners, mainiacjoe_overflow_brackets
D:7:      layout_basic, lemuel_round_altar, kb_lookout_dungeons_type
D:8:      layout_loops_ring, zin_scriptorium
D:9:      minmay_four_partial_circles, layout_loops_ring,
          grunt_nemelex_the_gamble, general_overflow_altar
Temple:   corrupted_temple

Skill      XL: |  1  2  3  4  5  6  7  8  9 10 |
---------------+-------------------------------+-----
Axes           | 3 4 5 6 8 9 11 14 17 18 | 18.1
Fighting       | 4 |  4.1
Armour         | |  3.9
Shields        | |  3.9

Action                     |  1- 3 |  4- 6 |  7- 9 | 10-12 || total
---------------------------+-------+-------+-------+-------++-------
  Melee: War axe           |    95 |    97 |    25 |       ||   217
         Headbutt          |     8 |    13 |    42 |     3 ||    66
         Broad axe         |       |       |   235 |    22 ||   257
  Throw: Boomerang         |     5 |       |     3 |       ||     8
 Invoke: Potion Petition   |       |       |       |     1 ||     1
    Use: Scroll            |     4 |     5 |     8 |       ||    17
         Potion            |       |     2 |     1 |       ||     3
 Armour: Scale mail        |    37 |     5 |       |       ||    42
         Plate armour      |       |    71 |   120 |    25 ||   216
  Dodge: Dodged            |    83 |    81 |   107 |    16 ||   287
  Block: Buckler           |    24 |    34 |    32 |     5 ||    95
